Mourne, chaotic male human Priest -- ---- ---- ---- --.-- |..--------..------------- ---- # # ---..| |...| |..............^.........---..##---##-------------....-- |-..| ----------.............................................| |..%--- --.......--#..-#-#.%...----------------......---- --.%..| --- --............|#|........| --. |.........| |-...-- ---.-- --.........@I.--|........- ---.-- ------.|..--- |.....| |...(----)---........>..|%........ --....-- |.|-...| -<....| |......^...||......"..I.|.|..|(.. |......| |.|---.--- ..--...-- -- |.........---..%..........|---... --..|..-- |.| |...| .. --...--.-- --.......-||...%.........)--.....- ------..-- |.| ---.--- |.......| |........--.......)....)........---.-----..------|.| |...| |.......| --%.................[---...............|.........||.| ---.-- ---.....---......--..........[-----.|............|.----...--|.| |..| --.............- |.....|....-- |...|-....---......| --..|--.-- |..| |..............----.-.----..----.---.....----.....-- ----|...-- ---- --......^..........................................| --...| --..----..... ---------------..-----.--.....---...| |..-- ---- ---- --- -- |..-- ---- |..| Mourne the Adept Experience level: 7 Strength: 11 Dexterity: 3 Constitution: 14 Intelligence: 11 Wisdom: 17 Charisma: 10 Health: 0(57) Energy: 101(104) Def: 10 Gold: 356 Moves: 3231 Dungeon seed: 4zf-D5SUl8DnnDFE Game ID: Mourne_1520531760 Your Inventory: Coins $ - 356 gold pieces Amulets t - an uncursed amulet versus poison Weapons a - a blessed +1 mace (weapon in hand) Armor e - a blessed +0 robe (being worn) n - an uncursed +0 small shield (being worn) q - an uncursed +0 scale mail (being worn) y - an uncursed +0 pair of iron shoes (being worn) z - an uncursed +0 mummy wrapping N - an uncursed +0 orcish helm (being worn) Comestibles c - 2 uncursed cloves of garlic d - an uncursed sprig of wolfsbane i - 2 uncursed food rations Scrolls l - an uncursed scroll of light A - a cursed scroll of earth Potions b - 3 potions of holy water Tools h - an uncursed oil lamp (lit) (0:311) r - an uncursed mirror K - an uncursed blindfold Spells and supernatural/magical abilities: Name Level Category Fail Memory h - healing 1 healing 69% 95% x - extra healing 3 healing 100% 98% G - detect treasure 4 divination 100% 99% W - pray for help -- divine ? -- X - turn undead -- divine ? -- Your skills at the end: Fighting Skills wands [Basic] Weapon Skills mace [Expert] Spellcasting Skills clerical spells [Basic] Final Attributes: You were level-drain resistant. You last prayed 1858 turns ago. You are dead (2nd time!). Vanquished creatures: a small mimic a xan a shocking sphere a large cat an ice vortex 2 gnome kings a gray unicorn 2 fire ants a woodchuck a pony 12 gnome lords 3 gnomish wizards a kobold mummy a giant ant a little dog 15 dwarves a kobold shaman 4 rothes 3 coyotes 4 hobbits a cave spider a brown mold a red mold 52 gnomes a gnome zombie 6 jackals a goblin 3 grid bugs 2 lichens a newt 126 creatures vanquished. Voluntary challenges: You used a wielded weapon 190 times, starting on turn 26. You read items or engraved 35 times, starting on turn 1. You never genocided any monsters. You never polymorphed an object. You never changed form. You used no wishes. You never split a pudding. You wrote Elbereth's name 2 times, starting on turn 2793. You never violated your personal moral code. Dungeon overview: The Dungeons of Doom: levels 1 to 3 Level 1 a long staircase Level 2 an armor shop Level 3 a scroll shop stairs to The Gnomish Mines The Gnomish Mines: levels 4 to 11 Level 4 stairs to The Dungeons of Doom Level 5 Level 6 Level 7 some shops, some fountains, some trees Level 8 Level 9 Level 10 <- You were here Level 11 History has recorded: On T:1 you entered the Dungeons of Doom to retrieve the Amulet of Yendor! On T:177 you reached level 2 of The Dungeons of Doom. On T:528 you reached level 3 of The Dungeons of Doom. On T:798 you reached level 1 of The Gnomish Mines. On T:832 you advanced to experience level 2. On T:843 you advanced to experience level 3. On T:871 you advanced to experience level 4. On T:929 you reached level 2 of The Gnomish Mines. On T:986 you advanced to experience level 5. On T:1148 you reached level 3 of The Gnomish Mines. On T:1262 you reached level 5 of The Gnomish Mines. On T:1425 you advanced to experience level 6. On T:1750 you reached level 4 of The Gnomish Mines. On T:2350 you reached level 6 of The Gnomish Mines. On T:2375 you advanced to experience level 7. On T:2614 you reached level 7 of The Gnomish Mines. On T:2765 you reached level 8 of The Gnomish Mines. On T:3194 you averted death Score breakdown: Gold: 356 ( 8683 points) Experience: 7 levels (13645 points) Exploration: 11 levels ( 22.45%) (13693 points) Discoveries: 17 items ( 5.67%) ( 7141 points) Valuables value: (no points given unless you survive) Artifact value: 0 ( 0 points) Variety of kills: 30 monsters ( 7.89%) ( 8429 points) Turncount: 3231 turns ( -709 points) Survival: died (score multiplied by 80%) Total score: 40705 Latest messages: It hits! Its sting was poisoned! Your muscles won't obey you! It hits! It misses. You write in the dust with your fingers. It hits! It misses. It bites! You feel better. It hits! (2x) It bites! It hits! It misses. It bites! You write in the dust with your fingers. It hits! Its sting was poisoned! You die... For some reason, you think that you can almost hear the Wizard laugh manically... Final status: Goodbye Mourne the Priest, poisoned by an invisible quasit... You died in The Gnomish Mines on dungeon level 10 with 40705 points, and 356 pieces of gold, after 3231 moves. You were level 7 with a maximum of 57 hit points when you died.